 Dungeon Crawl Stone Soup version 0.30-a0-1075-gcd70e7a56d (webtiles) character file.

Game seed: 10068514859365514913

35 Pimp the Sneak (level 3, -2/16 HPs)
             Began as a Spriggan Earth Elementalist on Apr 14, 2023.
             Succumbed to a kobold's poison
             ... on level 2 of the Dungeon.
             The game lasted 00:03:00 (1424 turns).

Pimp the Sneak (Spriggan Earth Elementalist)        Turns: 1424, Time: 00:03:00

Health: -2/16      AC:  2    Str:  4    XL:     3   Next: 16%
Magic:  7/8        EV: 18    Int: 22    God:
Gold:   34         SH:  0    Dex: 17    Spells: 7/8 levels left

rFire   . . .      SeeInvis +    h - +1 short sword (drain)
rCold   . . .      Faith    .    (no shield)
rNeg    . . .      Spirit   .    a - +0 robe
rPois   .          Reflect  .    (helmet restricted)
rElec   .          Rampage  .    (no cloak)
rCorr   .                        (gloves unavailable)
Will    .....                    (boots unavailable)
Stlth   +++                      (no amulet)
HPRegen 0.22/turn                c - +6 ring of intelligence
MPRegen 0.11/turn                (no ring)

@: lethally poisoned (-2 -> -20), hasted, very quick
A: very small, no large weapons, unfitting armour, see invisible, speed 3
a: no special abilities


You were on level 2 of the Dungeon.
You visited 1 branch of the dungeon, and saw 2 of its levels.

You collected 34 gold pieces.

Inventory:

Hand Weapons
 f - a +0 dagger
 h - a +1 short sword of draining (weapon)
Armour
 a - a +0 robe (worn)
Jewellery
 c - a +6 ring of intelligence (left hand)
Scrolls
 e - a scroll of fear {unknown}
 g - a scroll of noise
 l - a scroll of vulnerability
 n - a scroll of identify {unknown}
Potions
 b - a potion of magic
 d - a potion of attraction {unknown}
 i - a potion of haste
 j - a potion of curing {unknown}
 k - a potion of heal wounds {unknown}
 m - a potion of berserk rage {unknown}
 o - a potion of mutation {unknown}


   Skills:
 + Level 3.2 Dodging
 + Level 3.7 Stealth
 + Level 3.1 Spellcasting
 + Level 2.2 Transmutations
 + Level 2.9 Earth Magic


You had 7 spell levels left.
You knew the following spells:

 Your Spells              Type           Power      Damage    Failure   Level
a - Sandblast             Erth           32%        2d9       3%          1

Your spell library contained the following spells:

 Spells                   Type           Power      Damage    Failure   Level
 Passwall                 Tmut/Erth      11%        N/A       6%          2
 Stone Arrow              Conj/Erth      20%        3d8       21%         3
 Petrify                  Tmut/Erth      14%        N/A       38%         4


Dungeon Overview and Level Annotations

Branches:
Dungeon (2/15)

Altars:


Innate Abilities, Weirdness & Mutations

You are very small and have problems with some larger weapons.
You are too small for most types of armour.
You have supernaturally acute eyesight. (SInv)
You cover ground extremely quickly. (Speed+++)


Message History

e - a scroll labelled GILARYENUTS
Found a helmet.
You see here a +0 helmet.
A quokka comes into view.
Found a dark potion.
Casting: Sandblast (safe; 3% risk of failure)
Confirm with . or Enter, or press ? or * to list all spells.
Aiming: Sandblast (safe; 3% risk of failure)
Press: ? - help, Shift-Dir - straight line, f - quokka
Aim: a quokka (75% to hit)
The blast of sand hits the quokka!
You kill the quokka!
An adder comes into view.
Found a runed mace.
Found a whip.
k - a dark potion
Found a stone staircase leading down.
You see here a +2 heavy mace.
n - a scroll labelled GAYRGH VAUGHICO
o - a yellow potion A kobold comes into view.
It is wielding a +2 dagger of venom.
Found 5 stones.
The kobold shouts!
The kobold hits you with a +2 dagger of venom.
You are poisoned.
The teleport trap disappears.
The frilled lizard disappears!
Casting: Sandblast (safe; 3% risk of failure)
Confirm with . or Enter, or press ? or * to list all spells.
Aiming: Sandblast (safe; 3% risk of failure)
Press: ? - help, Shift-Dir - straight line, f - kobold
Aim: a kobold, wielding a +2 dagger of venom (77% to hit)
The blast of sand hits the kobold but does no damage.
You feel very sick.
The kobold hits you with a +2 dagger of venom.
* * * LOW HITPOINT WARNING * * *
You are more poisoned.
* * * LOW HITPOINT WARNING * * *
You feel very sick.
It was a potion of haste.
You feel yourself speed up.
You die...

##............#
......#.####.##
##.#..#.# #.#
##.#..#.# #.#
##.#..#.####.# #
.....).......# .#
........###### #.##
#####.#.##########(..#
#.#.........@K#
#.#.##########.......
#####.#.# ##.####
......#.# # #######.#
#.# #.# ###.# ##.#.#
#.#


You could see a kobold.

Vanquished Creatures
  An endoplasm (D:1)
  A giant cockroach (D:1)
  3 goblins (D:1)
  3 hobgoblins (D:1)
  3 jackals (D:1)
  2 quokkas
  3 ball pythons (D:1)
  3 bats (D:1)
  2 frilled lizards
  7 kobolds
  6 rats (D:1)
34 creatures vanquished.

Notes
Turn   | Place    | Note
-------+----------+-------------------------------------------
     0 | D:1      | Pimp the Spriggan Earth Elementalist began the quest for
                  | the Orb.
     0 | D:1      | Reached XP level 1. HP: 9/9 MP: 5/5
   261 | D:1      | Reached XP level 2. HP: 13/13 MP: 6/6
   748 | D:1      | Reached XP level 3. HP: 16/16 MP: 6/8
  1424 | D:2      | Succumbed to a kobold's poison

Illustrated notes

Levels and vault maps discovered:
D:1:      grunt_arrival_lava_bath, layout_basic
D:2:      layout_loops_ring, uniq_crazy_yiuf_cottage

Skill      XL: |  1  2 |
---------------+-------+-----
Dodging        | 3 |  3.2
Spellcasting   | 3 |  3.1
Transmutations | 2 |  2.2
Stealth        | |  3.7
Earth Magic    | |  2.9

Action                     || total
---------------------------++-------
  Melee: Short sword       ||    26
   Cast: Sandblast         ||    30
    Use: Scroll            ||     4
         Potion            ||     1
   Stab: Sleeping          ||     3
 Armour: Robe              ||     2
  Dodge: Dodged            ||    28

Table legend: (Time is in decaauts)
 A = Elapsed time spent in this place.
 B = Non-inter-level travel time spent in this place.
 C = Inter-level travel time spent in this place.
 D = Time resting spent in this place.
 E = Time spent auto-exploring this place.
 F = Levels seen in this place.
 G = Mean time per level.
                   A        B        C        D        E       F      G
               +--------+--------+--------+--------+--------+-----+--------+
         Total |   1004 |    989 |     15 |     90 |    650 |   2 |  502.0 |
       Dungeon |   1004 |    989 |     15 |     90 |    650 |   2 |  502.0 |
               +--------+--------+--------+--------+--------+-----+--------+

Top non-repeatable levels by time:
     D:1: 848 daAuts
     D:2: 156 daAuts
